 Dungeon Crawl Stone Soup version 0.25-a0-690-g234afa57d4 (webtiles) character file.

Game seed: 7789091827676879935, levelgen mode: deterministic

445 kae the Insei (level 6, 0/51 HPs)
             Began as a Draconian Transmuter on Mar 30, 2020.
             Slain by a gnoll
             ... wielding a +0 halberd
              (4 damage)
             ... on level 4 of the Dungeon.
             The game lasted 00:03:24 (3670 turns).

kae the Insei (Draconian Transmuter)                Turns: 3670, Time: 00:03:24

Health: 0/51       AC:  9    Str: 12    XL:     6   Next: 72%
Magic:  9/11       EV: 12    Int: 15    God:
Gold:   78         SH:  0    Dex: 12    Spells: 5/11 levels left

rFire    . . .     SeeInvis .     - Unarmed
rCold    . . .     Gourm    .   (no shield)
rNeg     . . .     Faith    .   (armour unavailable)
rPois    .         Spirit   .   (helmet restricted)
rElec    .         Reflect  .   (no cloak)
rCorr    .         Harm     .   (no gloves)
MR       .....                  l - +2 pair of boots {Fly}
Stlth    +.........             (no amulet)
HPRegen  0.17/turn              (no ring)
MPRegen  0.12/turn              (no ring)

@: flying, glowing, lightly drained
A: unfitting armour, cold-blooded, AC +6
a: Stop Flying


You were on level 4 of the Dungeon.
You were not hungry.

You visited 1 branch of the dungeon, and saw 4 of its levels.

You collected 78 gold pieces.

Inventory:

Missiles
 a - 34 arrows
Armour
 l - a +2 pair of boots of flying (worn)
Jewellery
 f - an uncursed ring of protection from cold
 h - an uncursed ring of ice
 o - an uncursed ring of magical power
 q - an uncursed ring of magical power
 r - an uncursed ring of wizardry {unknown}
 s - an uncursed ring of protection from cold
Scrolls
 b - 2 scrolls of magic mapping
 p - a scroll of remove curse
Potions
 d - 2 potions of stabbing
 e - a potion of degeneration
 g - a potion of brilliance
 j - 2 potions of lignification
 m - a potion of invisibility
 n - a potion of cancellation
Comestibles
 c - 8 rations
 k - 6 chunks of flesh


   Skills:
 + Level 3.4(3.0) Fighting
 - Level 1.7(1.4) Dodging
 * Level 5.3(4.9) Unarmed Combat
 + Level 3.4(3.0) Spellcasting
 + Level 3.6(3.3) Transmutations


You had 5 spell levels left.
You knew the following spells:

 Your Spells              Type           Power        Failure   Level  Hunger
a - Beastly Appendage     Tmut           ##....       4%          1    #......
b - Sticks to Snakes      Tmut           ##......     8%          2    ##.....
c - Spider Form           Tmut/Pois      #.........   30%         3    ###....

Your spell library contained the following spells:

 Spells                   Type           Power        Failure   Level  Hunger
 Ice Form                 Ice/Tmut       #.......     69%         4    #####..
 Blade Hands              Tmut           ##........   80%         5    ######.


Dungeon Overview and Level Annotations

Branches:
Dungeon (4/15)
 Temple: D:4-7

Altars:
Elyvilon


Innate Abilities, Weirdness & Mutations

Your plain brown scales are hard. (AC +6)
You cannot fit into any form of body armour.
You are cold-blooded and may be slowed by cold attacks.


Message History

The gnoll shaman completely misses you. The gnoll barely misses you.
You hit the gnoll shaman.
The gnoll shaman is poisoned.
The gnoll shaman is lightly wounded.
Your transformation has ended.
Your +2 pair of boots of flying unmelds from your body.
You fly up into the air.
The gnoll closely misses you. The gnoll shaman misses you.
You punch the gnoll shaman! Your punch misses the gnoll shaman.
The gnoll shaman is heavily wounded.
The gnoll completely misses you.
The gnoll shaman invokes the aid of its god against you.
You are outlined in light.
You hit the gnoll shaman.
The gnoll shaman is severely wounded.
The gnoll hits you from afar with a +0 halberd.
* * * LOW HITPOINT WARNING * * *
The gnoll shaman hits you with a +0 whip!
* * * LOW HITPOINT WARNING * * *
The gnoll hits you from afar with a +0 halberd.
You die...

#....# #.... .. #....##
#..... #. ##.....#####..
...... # ............##
#.. (#<#
............##.#...(..
............##.#.#Z.#...
....###'######..gg.go...
....###.# #g# .....##.##
#@# .....##..# #)#
.....###.# #.# .....#
#.## #.# ....## #..# #.#
....# ##.## #.# ....#
#..# #.# ##### ##.# #.#
#.# #.#


You could see a gnoll shaman, 2 gnolls and a quokka skeleton.

Vanquished Creatures
  A big kobold (D:3)
  A bullfrog (D:4)
  A howler monkey (D:4)
  2 orc priests (D:3)
  A worker ant (D:4)
  5 adders
  A shadow imp (D:3)
  2 worms
  5 dart slugs
  3 leopard geckos
  14 orcs
  A ball python (D:3)
  3 giant cockroaches
  8 goblins
  8 hobgoblins
  10 jackals
  2 quokkas (D:4)
  8 bats
  5 frilled lizards
  13 kobolds
  9 rats
103 creatures vanquished.

Notes
Turn   | Place    | Note
-------+----------+-------------------------------------------
     0 | D:1      | kae the Draconian Transmuter began the quest for the Orb.
     0 | D:1      | Reached XP level 1. HP: 16/16 MP: 3/3
   268 | D:1      | Reached XP level 2. HP: 23/23 MP: 3/5
   537 | D:1      | Learned a level 2 spell: Sticks to Snakes
   589 | D:1      | Reached XP level 3. HP: 23/29 MP: 6/6
  1904 | D:2      | Reached XP level 4. HP: 33/36 MP: 7/7
  2084 | D:3      | Reached skill level 4 in Unarmed Combat
  2158 | D:2      | Learned a level 3 spell: Spider Form
  2481 | D:3      | Reached XP level 5. HP: 42/42 MP: 5/9
  2912 | D:3      | Reached XP level 6. HP: 13/51 MP: 4/10
  3258 | D:4      | Found a white marble altar of Elyvilon,
  3471 | D:4      | Reached skill level 5 in Unarmed Combat
  3670 | D:4      | Slain by a gnoll

Levels and vault maps discovered:
D:1:      dpeg_arrival_ternary, layout_loops_cross, minmay_fountain_box
D:2:      layout_loops_ring, first_ration
D:3:      cheibrodos_thug_alley, layout_basic
D:4:      layout_basic, nicolae_ossuary_entry_catacombs, lemuel_altar_in_water

Skill      XL: |  1  2  3  4  5  6 |
---------------+-------------------+-----
Fighting       | 2 3 |  3.4
Unarmed Combat | 4 5 |  5.3
Transmutations | 3 |  3.6
Spellcasting   | 3 |  3.4
Dodging        | |  1.7

Action                   |  1- 3 |  4- 6 || total
-------------------------+-------+-------++-------
Melee: Unarmed           |   143 |   187 ||   330
       Headbutt          |     6 |     2 ||     8
       Tailslap          |    10 |    11 ||    21
       Punch             |     1 |     3 ||     4
       Kick              |     3 |       ||     3
 Cast: Beastly Appendage |    19 |     8 ||    27
       Spider Form       |       |    12 ||    12
  Use: Scroll            |     2 |     8 ||    10
       Potion            |       |     4 ||     4
  Eat: Chunk             |     4 |     7 ||    11
Armor: Skin              |    37 |    57 ||    94
Dodge: Dodged            |    92 |   212 ||   304

Table legend:
 A = Non-vault XP
 B = Vault XP
 C = Vault XP percentage of total XP
 D = Non-vault monster count
 E = Vault monster count
 F = Vault count percentage of total count
                 A         B        C        D         E       F
            +---------+---------+-------+---------+---------+-------
      Total |     524 |     113 |  17.7 |      93 |      10 |   9.7
            +---------+---------+-------+---------+---------+-------
        D:1 |      45 |       0 |   0.0 |      22 |       0 |   0.0
        D:2 |      62 |       0 |   0.0 |      24 |       0 |   0.0
        D:3 |     195 |     113 |  36.7 |      34 |      10 |  22.7
        D:4 |     222 |       0 |   0.0 |      13 |       0 |   0.0
            +---------+---------+-------+---------+---------+-------
